 Dungeon Crawl Stone Soup version 0.32-a0-834-geaf45d8e21 (webtiles) character file.

Game seed: 10343497299474662014

27 AstroCodex24 the Shield-Bearer (level 2, -6/24 HPs)
             Began as a Vampire Fighter on Mar 26, 2024.
             Killed by divine providence
             ... invoked by an orc priest
              (13 damage)
             ... on level 4 of the Dungeon.
             The game lasted 00:01:44 (372 turns).

AstroCodex24 the Shield-Bearer (Vampire Fighter)     Turns: 372, Time: 00:01:45

Health: -6/24      AC:  6    Str: 15    XL:     2   Next: 93%
Magic:  2/2        EV: 12    Int: 10    God:
Gold:   5          SH:  4    Dex: 13    Spells: 1/1 levels left

rFire   . . .        a - +0 war axe
rCold   . . .        c - +0 buckler
rNeg    . . .        b - +0 scale mail
rPois   .            (no helmet)
rElec   .            (no cloak)
rCorr   .            (no gloves)
SInv    +            (no boots)
Will    .....        (no amulet) Stlth
                     e - +5 ring of evasion
HPRegen 0.44/turn    (no ring)
MPRegen 0.08/turn

%: no passive effects
@: healing quickly
A: alive, fangs 3, see invisible, vampiric 1
a: Exsanguinate, Convert to Beogh


You were on level 4 of the Dungeon.
You visited 1 branch of the dungeon, and saw 4 of its levels.

You collected 5 gold pieces.

Inventory:

Hand Weapons
 a - a +0 war axe (weapon)
Armour
 b - a +0 scale mail (worn)
 c - a +0 buckler (worn)
Jewellery
 e - a +5 ring of evasion (left hand)
Scrolls
 f - a scroll of identify {unknown}
Potions
 d - a potion of might


   Skills:
 + Level 3.1 Fighting
 + Level 2.1 Axes
 + Level 2.5 Armour
 + Level 3.1 Shields


You had one spell level left.
You didn't know any spells.
Your spell library was empty.

Dungeon Overview and Level Annotations

Branches:
Dungeon (3/15)

Altars:

Annotations:
D:3 1 runed translucent door


Innate Abilities, Weirdness & Mutations

Your natural rate of healing is accelerated.
You have razor-sharp teeth.
You have supernaturally acute eyesight. (SInv)
You are afflicted with vampirism.


Message History

Found an escape hatch in the ceiling. 2 orcs come into view.
The orc shouts! x2; You hear a shout! x3
An orc comes into view. It is wielding a +0 hand axe.
A hobgoblin comes into view.
An orc priest comes into view. It is wielding a +0 club.
You hear a shout!
The hobgoblin shouts!
The orc priest shouts!
You hear a shout!
An orc comes into view. It is wielding a +0 war axe.
The orc priest mumbles some strange prayers to Beogh against you.
Beogh smites you!
Ouch! That really hurt!
The orc priest shouts, "Surrender to Beogh and we'll let you live!" (press Y on the ability menu to convert to Beogh)
The orc attacks as it pursues you! The orc closely misses you.
You hit the orc.
The orc is severely wounded.
You block the orc's attack. The orc misses you.
You barely miss the orc. You bite the orc.
You kill the orc!
You hit the orc.
The orc is almost dead.
The orc misses you. x2
You hit the orc.
You kill the orc!
You closely miss the orc. The orc misses you. You block the orc's attack.
You completely miss the orc. The orc barely misses you.
The orc priest invokes the aid of Beogh against you.
Beogh smites you!
* * * LOW HITPOINT WARNING * * *
You hit the orc.
The orc is heavily wounded.
The orc hits you but does no damage.
You barely miss the orc.
The orc is heavily wounded.
The orc misses you.
The orc priest calls down the wrath of Beogh upon you.
Beogh smites you!
Ouch! That really hurt!
You die...

#. .o. #.###..o
######### # #
#.#..og #........
#.#.#.#.#.#
##.###.######.
.<..#.#...#
#.......# #.
........#
##.###..# #.
#...##########.†#
#.
#.ogo@..........#
#.
#..############.#
#. #..... #.# #.
#...### #.#####.
...## #.......
#..# ######## #..
#.


You could see an orc priest, an orc and a hobgoblin.

Vanquished Creatures
  An adder (D:3)
  2 orcs (D:4)
  A ball python (D:1)
  2 endoplasms (D:3)
  2 giant cockroaches
  A goblin (D:1)
  A hobgoblin (D:4)
  A kobold (D:1)
  2 bats (D:1)
  A frilled lizard (D:1)
14 creatures vanquished.

Notes
Turn   | Place    | Note
-------+----------+-------------------------------------------
     0 | D:1      | AstroCodex24 the Vampire Fighter began the quest for the
                  | Orb.
     0 | D:1      | Reached XP level 1. HP: 17/17 MP: 1/1
    87 | D:1      | Reached XP level 2. HP: 23/23 MP: 2/2
   217 | D:3      | Found a runed translucent door.
   302 | D:3      | You fall into a shaft and drop 1 floor!
   372 | D:4      | Killed from afar by an orc priest

Illustrated notes

Levels and vault maps discovered:
D:1:      amcnicky_arrival_blooded_trapdoor, layout_rooms, serial_bayou,
          serial_bayou_lagoon_a, serial_bayou_lake_a, serial_bayou_shore_b,
          serial_bayou_crossing
D:2:      layout_basic, minmay_tripent
D:3:      layout_loops_ring, mainiacjoe_overflow_boulevard,
          mainiacjoe_sewer_entry_somewhere_in_here_2,
          hellmonk_ecumenical_altar_blasted, uniq_sigmund, uniq_grinder,
          uniq_crazy_yiuf_cottage
D:4:      layout_basic, amcnicky_altar_gilded, nrook_mini_backslash,
          corner_web_ring, grunt_decor_resistance, uniq_eustachio, uniq_ijyb,
          uniq_edmund

Skill      XL: |  1  2 |
---------------+-------+-----
Shields        | 3 |  3.1
Fighting       | 3 |  3.1
Axes           | 2 |  2.1
Armour         | |  2.5

Action                     || total
---------------------------++-------
  Melee: War axe           ||    40
         Bite              ||     3
 Armour: Scale mail        ||    20
  Dodge: Dodged            ||    22
  Block: Buckler           ||    10

Table legend: (Time is in decaauts)
 A = Elapsed time spent in this place.
 B = Non-inter-level travel time spent in this place.
 C = Inter-level travel time spent in this place.
 D = Time resting spent in this place.
 E = Time spent auto-exploring this place.
 F = Levels seen in this place.
 G = Mean time per level.
                   A        B        C        D        E       F      G
               +--------+--------+--------+--------+--------+-----+--------+
         Total |    387 |    326 |     61 |      0 |      0 |   4 |   96.8 |
       Dungeon |    387 |    326 |     61 |      0 |      0 |   4 |   96.8 |
               +--------+--------+--------+--------+--------+-----+--------+

Top non-repeatable levels by time:
     D:3: 193 daAuts
     D:1: 99 daAuts
     D:4: 73 daAuts
     D:2: 20 daAuts
